Map: [ESL] Moondance

Players

DnS

  • Race: Protoss Protoss
  • Spawn Location: 6:00

Solar - Winner!

  • Race: Zerg Zerg
  • Spawn Location: 12:00

Event: DreamHack SC2 Masters 2022 Valencia

VOD

Have the link to the VOD?

Description

Time

  • Played on: July 1, 2022, 2:45 p.m.
  • Length: 7:57

All games in this series

Show
View Real Time Build Order
Export as new Build Order

DnS Protoss 

Build Orders: 1 Gate Expand, Oracle Opening 

Get SALT Encoding   

  12  0:00  Probe  
  13  0:12  Probe  
  14  0:17  Pylon  
  14  0:24  Probe  
  14  0:27  Assimilator  
  15  0:36  Probe (Chrono Boost)  
  16  0:44  Gateway  
  16  0:48  Probe (Chrono Boost)  
  17  0:53  Probe (Chrono Boost)  
  18  1:03  Probe  
  19  1:15  Probe  
  20  1:23  Nexus  
  20  1:33  Cybernetics Core  
  20  1:35  Probe  
  21  1:40  Assimilator  
  21  1:47  Probe  
  21  1:51  Pylon  
  22  2:00  Probe  
  23  2:10  Warp Gate, Adept (Chrono Boost)  
  23  2:12  Probe  
  26  2:18  Stargate  
  26  2:24  Probe (Chrono Boost)  
  27  2:34  Probe (Chrono Boost)  
  29  2:37  Stalker (Chrono Boost), Probe (Chrono Boost)  
  29  2:43  Probe (Chrono Boost)  
  32  2:47  Probe (Chrono Boost)  
  34  2:53  Probe x2 (Chrono Boost)  
  35  3:01  Probe  
  35  3:03  Probe  
  35  3:04  Oracle (Chrono Boost)  
  38  3:13  Probe  
  38  3:14  Adept  
  38  3:15  Probe  
  38  3:18  Pylon  
  42  3:25  Probe  
  43  3:30  Probe  
  44  3:35  Oracle (Chrono Boost)  
  44  3:39  Probe  
  44  3:40  Nexus  
  48  3:44  Probe  
  48  3:48  Pylon  
  49  3:51  Probe, Assimilator  
  49  3:54  Assimilator  
  50  3:56  Probe  
  51  4:03  Probe  
  51  4:04  Oracle  
  51  4:08  Probe  
  56  4:11  Pylon  
  56  4:14  Adept  
  56  4:15  Probe  
  59  4:22  Probe  
  60  4:26  Twilight Council  
  60  4:27  Probe, Forge  
  61  4:35  Probe  
  62  4:43  Probe (Chrono Boost)  
  63  4:45  Gateway  
  63  4:47  Gateway  
  63  4:49  Probe (Chrono Boost)  
  64  4:55  Probe x2 (Chrono Boost)  
  64  4:57  Sentry  
  68  5:05  Protoss Ground Weapons Level 1 (Chrono Boost)  
  68  5:06  Probe x2 (Chrono Boost)  
  70  5:08  Blink (Chrono Boost)  
  70  5:12  Gateway x2  
  70  5:13  Probe  
  71  5:16  Probe  
  72  5:26  Nexus, Probe  
  72  5:27  Pylon  
  69  5:38  Sentry, Probe  
  69  5:41  Gateway  
  69  5:42  Gateway  
  72  5:45  Sentry  
  72  5:46  Sentry, Forge  
  72  5:48  Probe  
  72  5:49  Probe  
  78  5:50  Probe  
  79  6:00  Probe  
  79  6:01  Probe  
  79  6:02  Gateway x2  
  79  6:03  Gateway  
  81  6:05  Stalker  
  81  6:06  Probe  
  81  6:08  Stalker x2  
  87  6:16  Stalker x2  
  87  6:17  Probe  
  90  6:25  Probe  
  90  6:28  Pylon  
  90  6:29  Probe  
  90  6:30  Probe  
  92  6:41  Stalker x6  
  92  6:42  Probe  
  92  6:44  Probe  
  92  6:46  Probe x2  
  108  6:47  Shield Battery  
  108  6:54  Stalker  
  108  7:00  Stalker  
  112  7:10  Stalker  
  112  7:14  Probe x2  
  116  7:23  Pylon  
  116  7:24  Pylon  
  116  7:25  Pylon  
  116  7:26  Pylon  
  116  7:28  Pylon  
  116  7:33  Probe  
  116  7:37  Probe  
  116  7:40  Stalker x2  
  116  7:41  Stalker x4  
  116  7:44  Stalker  
  109  7:50  Zealot x3  
Show
View Real Time Build Order
Export as new Build Order

Solar Zerg - Winner!

Build Orders: Hatch First 

Get SALT Encoding   

  12  0:00  Drone  
  13  0:12  Overlord  
  13  0:17  Drone  
  14  0:30  Drone  
  14  0:31  Drone  
  16  0:47  Hatchery  
  15  0:51  Drone  
  15  0:56  Drone  
  17  0:59  Drone  
  18  1:10  Extractor  
  17  1:14  Spawning Pool  
  17  1:17  Drone  
  17  1:21  Drone  
  18  1:29  Drone  
  20  1:40  Drone  
  20  1:50  Overlord  
  21  2:01  Queen x2, Zergling x4  
  26  2:13  Metabolic Boost, Drone x2  
  30  2:22  Drone x2  
  30  2:34  Hatchery  
  30  2:36  Drone  
  32  2:44  Queen  
  32  2:47  Overlord  
  32  2:50  Drone  
  33  2:52  Drone  
  33  2:54  Drone  
  33  2:57  Drone  
  36  3:01  Spore Crawler  
  36  3:10  Spore Crawler  
  36  3:11  Drone x5  
  40  3:16  Queen  
  40  3:19  Overlord  
  42  3:21  Drone  
  42  3:26  Spore Crawler  
  42  3:34  Overlord  
  41  3:37  Queen  
  41  3:40  Overlord  
  43  3:42  Spore Crawler  
  43  3:43  Drone  
  43  3:48  Drone  
  44  3:50  Queen  
  44  3:51  Drone  
  44  3:54  Drone  
  44  3:55  Drone  
  49  3:58  Drone  
  49  4:00  Drone x2  
  49  4:02  Drone  
  52  4:04  Drone  
  52  4:06  Drone  
  54  4:10  Drone x2  
  54  4:12  Drone  
  54  4:13  Drone  
  58  4:18  Drone x3  
  58  4:19  Drone  
  58  4:23  Zergling x4  
  64  4:24  Zergling x2  
  64  4:27  Overlord  
  65  4:33  Roach Warren  
  65  4:36  Zergling x2  
  65  4:38  Overlord  
  65  4:44  Lair  
  65  4:46  Drone x5  
  65  4:47  Drone  
  65  4:51  Extractor x2, Drone x2  
  71  4:53  Drone  
  71  4:54  Drone  
  71  4:56  Overlord  
  71  4:59  Drone  
  74  5:01  Evolution Chamber  
  74  5:05  Drone x4  
  77  5:07  Extractor x2  
  77  5:08  Spore Crawler, Drone x2  
  77  5:10  Drone  
  77  5:11  Drone  
  77  5:13  Zergling x2  
  79  5:22  Extractor, Drone x2  
  79  5:23  Drone, Hatchery  
  79  5:24  Drone  
  79  5:25  Drone  
  82  5:30  Overlord  
  82  5:31  Drone  
  82  5:33  Drone x3  
  83  5:37  Queen  
  83  5:39  Drone  
  86  5:47  Drone  
  86  5:48  Overlord  
  86  5:49  Glial Reconstitution  
  86  5:50  Zerg Missile Weapons Level 1  
  86  5:55  Overlord  
  86  6:00  Roach x5  
  96  6:04  Overlord x2  
  96  6:05  Overlord x2  
  96  6:06  Overseer  
  96  6:08  Zergling x2  
  96  6:09  Zergling x4  
  99  6:12  Roach  
  99  6:14  Roach x2  
  105  6:19  Overlord  
  105  6:20  Roach x2  
  105  6:23  Roach x2  
  109  6:26  Drone  
  109  6:28  Drone x3  
  109  6:30  Roach  
  115  6:34  Roach x2  
  115  6:37  Roach  
  119  6:40  Overlord  
  119  6:42  Roach  
  119  6:45  Roach  
  123  6:49  Roach x4  
  123  6:52  Roach x2, Zergling x2  
  136  6:55  Ravager x2  
  136  6:56  Ravager x2  
  136  6:57  Zergling x4  
  136  6:58  Roach  
  136  7:01  Roach  
  145  7:05  Overlord x2  
  145  7:08  Ravager  
  145  7:09  Ravager x5  
  145  7:10  Roach, Zergling x4  
  145  7:13  Roach  
  145  7:15  Roach  
  159  7:17  Roach x2  
  159  7:19  Roach  
  159  7:22  Roach  
  167  7:25  Zergling x6  
  167  7:26  Overlord  
  167  7:28  Overlord  
  169  7:32  Roach x3  
  174  7:38  Roach  

Tags
 
Add a new tag
Caveats
  • Supply blocks, unpowered buildings, or Contaminate may cause inaccurate times.
  • Supply counts are checked every 10 seconds.